 Dungeon Crawl Stone Soup version 0.27.1-4-g1640c2035a (webtiles) character file.

Game seed: 7628685898072069072

8 Descartes the Vexing (level 2, -3/14 HPs)
             Began as a Spriggan Arcane Marksman on Nov 17, 2021.
             Slain by a gnoll (12 damage)
             ... on level 1 of the Dungeon.
             The game lasted 00:00:50 (449 turns).

Descartes the Vexing (Spriggan Arcane Marksman)      Turns: 449, Time: 00:00:50

Health: -3/14      AC:  2    Str:  6    XL:     2   Next: 0%
Magic:  5/5        EV: 17    Int: 14    God:
Gold:   11         SH:  0    Dex: 15    Spells: 2/3 levels left

rFire    . . .     SeeInvis +   a - +0 hunting sling
rCold    . . .     Faith    .   (shield restricted)
rNeg     . . .     Spirit   .   d - +0 robe
rPois    .         Reflect  .   (helmet restricted)
rElec    .         Harm     .   (no cloak)
rCorr    .         Rampage  .   (gloves unavailable)
Will     .....                  (boots unavailable)
Stlth    +.........             (no amulet)
HPRegen  0.04/turn              (no ring)
MPRegen  0.09/turn              (no ring)

@: very quick
A: very small, no large weapons, unfitting armour, see invisible, speed 3
a: no special abilities


You were on level 1 of the Dungeon.
You visited 1 branch of the dungeon, and saw 1 of its levels.

You collected 11 gold pieces.

Inventory:

Hand Weapons
 a - a +0 hunting sling (weapon)
Missiles
 b - 13 stones
 c - 9 sling bullets (quivered ammo)
Armour
 d - a +0 robe (worn)


   Skills:
 - Level 0.7 Fighting
 + Level 3.4 Slings
 - Level 2.6 Dodging
 - Level 1.3 Spellcasting
 - Level 3.6 Hexes


You had 2 spell levels left.
You knew the following spells:

 Your Spells              Type           Power      Damage    Failure   Level
a - Corona                Hex            12%        N/A       6%          1

Your spell library contained the following spells:

 Spells                   Type           Power      Damage    Failure   Level
 Slow                     Hex            11%        N/A       9%          2
 Inner Flame              Hex/Fire       6%         N/A       36%         3
 Portal Projectile        Hex/Tloc       12%        N/A       36%         3
 Cause Fear               Hex            5%         N/A       50%         4


Dungeon Overview and Level Annotations

Branches:
Dungeon (1/15)

Altars:


Innate Abilities, Weirdness & Mutations

You are very small and have problems with some larger weapons.
You are too small for most types of armour.
You have supernaturally acute eyesight. (SInv)
You cover ground extremely quickly. (Speed+++)


Message History

Found 13 stones.
c - 18 sling bullets (gained 1)
A giant cockroach comes into view.
You shoot a sling bullet.
The sling bullet hits the giant cockroach.
The giant cockroach is heavily wounded.
You shoot a sling bullet.
The sling bullet barely misses the giant cockroach.
The giant cockroach bites you.
You shoot a sling bullet.
The sling bullet closely misses the giant cockroach.
The giant cockroach bites you.
You shoot a sling bullet.
The sling bullet barely misses the giant cockroach.
The giant cockroach misses you.
You shoot a sling bullet.
The sling bullet hits the giant cockroach.
You kill the giant cockroach!
You have reached level 2!
c - 14 sling bullets (gained 1)
c - 15 sling bullets (gained 1);
b - 13 stones A gnoll comes into view. It is wielding a +0 flail.
You shoot a sling bullet.
The sling bullet hits the gnoll but does no damage.
You shoot a sling bullet. The sling bullet hits the gnoll!
The gnoll is severely wounded.
You shoot a sling bullet.
The sling bullet hits the gnoll but does no damage.
The gnoll is severely wounded.
You shoot a sling bullet.
The sling bullet closely misses the gnoll.
The gnoll barely misses you.
You shoot a sling bullet. The sling bullet hits the gnoll.
The gnoll is severely wounded.
The gnoll hits you with a +0 flail.
You shoot a sling bullet. The sling bullet hits the gnoll.
The gnoll is almost dead.
The gnoll hits you with a +0 flail!
Ouch! That really hurt!
You die...

...## ....
...# ≈≈≈≈
(..#####≈..
(.(..
..≈.######
(..#
#.≈8#≈≈≈≈≈
########g..#
#.≈.#≈...≈
#......@..#
#.≈.#≈.#.≈
####.........#
###.≈8#≈.#.≈
#............#
#...≈.#≈.#.≈
#.......######
#.#...'..#..
#.......#
#.#...'..#..
#.......#
#.#.≈^#≈.#.≈
#####...#
#.#.≈8#≈.#.≈
#...#
#...≈.#≈.#.≈
#...#
###.≈.#≈...≈


You could see a gnoll.

Vanquished Creatures
  A bat (D:1)
  An endoplasm (D:1)
  A giant cockroach (D:1)
  A goblin (D:1)
  A quokka (D:1)
  A frilled lizard (D:1)
  A rat (D:1)
7 creatures vanquished.

Notes
Turn   | Place    | Note
-------+----------+-------------------------------------------
     0 | D:1      | Descartes the Spriggan Arcane Marksman began the quest for
                  | the Orb.
     0 | D:1      | Reached XP level 1. HP: 9/9 MP: 3/3
   344 | D:1      | Reached XP level 2. HP: 10/14 MP: 5/5
   449 | D:1      | Slain by a gnoll

Illustrated notes

Levels and vault maps discovered:
D:1:      lightli_arrival_isolated_outpost, layout_basic,
          ebering_ecumenical_altar_webs

Skill      XL: |  1 |
---------------+----+-----
Slings         | 3 |  3.4
Fighting       | |  0.7
Dodging        | |  2.6
Spellcasting   | |  1.3
Hexes          | |  3.6

Action                   || total
-------------------------++-------
 Fire: Hunting sling     ||    29
 Cast: Corona            ||     1
Armor: Robe              ||     1
Dodge: Dodged            ||     8
